 Dungeon Crawl Stone Soup version 0.23.2-1-ga50397a (webtiles) character file.

Game seed: 9004827627017337260

19022 Borgoz the Carver (level 12, -9/96 HPs)
             Began as a Minotaur Berserker on May 26, 2019.
             Was a High Priest of Trog.
             Mangled by a minotaur
             ... wielding a +1 spear of piercing
              (11 damage)
             ... in a Gauntlet.
             The game lasted 00:26:14 (10672 turns).

Borgoz the Carver (Minotaur Berserker)             Turns: 10672, Time: 00:26:14

Health: -9/96      AC: 19    Str: 31    XL:     12   Next: 32%
Magic:  0/12       EV: 14    Int:  6    God:    Trog [*****.]
Gold:   461        SH:  0    Dex: 11    Spells: 11/11 levels left

rFire    . . .     SeeInvis +   a - +0 scimitar
rCold    . . .     Gourm    .   (no shield)
rNeg     . . .     Faith    .   k - +0 plate armour
rPois    +         Spirit   +   v - +2 hat of the Sailor {rPois Regen+ Str+4}
rElec    .         Reflect  .   (no cloak)
rCorr    .         Harm     .   o - +0 pair of gloves {Str+3}
MR       .....     NoTele   +   (no boots)
Stlth    ..........             H - amulet of guardian spirit
HPRegen  0.66/turn              B - ring of see invisible
MPRegen  0.13/turn              (no ring)

@: no status effects
A: retaliatory headbutt, horns 2
a: Berserk, Trog's Hand, Brothers in Arms, Renounce Religion


You were in a Gauntlet.
You worshipped Trog.
Trog was extremely pleased with you.
You were not hungry.

You visited 2 branches of the dungeon, and saw 13 of its levels.
You also visited: Gauntlet.

You collected 656 gold pieces.
You spent 195 gold pieces at shops.

Inventory:

Hand Weapons
 a - a +0 scimitar (weapon)
 b - a +0 short sword of draining
 L - a +1 long sword of holy wrath
Armour
 k - a +0 plate armour (worn)
 o - a +0 pair of gloves of strength (worn)
 v - the +2 hat of the Sailor (worn) {rPois Regen+ Str+4}
   (You found it in a Gauntlet)

   It affects your strength (+4).
   It protects you from poison.
   It increases your rate of regeneration.
 x - a +3 troll leather armour {Snorg}
Jewellery
 l - an uncursed ring of ice
 s - an uncursed amulet of harm
 B - a ring of see invisible (left hand)
 H - an amulet of guardian spirit (around neck)
 K - an uncursed ring of ice
Wands
 m - a wand of random effects (8)
 y - a wand of clouds (1)
 D - a wand of digging (3)
 E - a wand of enslavement (8)
 I - a wand of iceblast (10)
Scrolls
 f - 4 scrolls of enchant weapon
 g - 9 scrolls of remove curse
 i - 2 scrolls of teleportation {unknown}
 j - 4 scrolls of immolation
 p - 3 scrolls of magic mapping
 t - 2 scrolls of fear
 J - a scroll of enchant armour {unknown}
Potions
 d - 3 potions of lignification
 e - a potion of magic
 h - a potion of invisibility
 n - a potion of haste
 q - 5 potions of curing
 r - 3 potions of berserk rage
 u - 2 potions of mutation
 w - 2 potions of brilliance
 z - a potion of resistance
 A - 2 potions of flight
 C - a potion of ambrosia
 F - a potion of cancellation
 G - 2 potions of might {unknown}
Comestibles
 c - 27 rations


   Skills:
 * Level 6.1 Fighting
 + Level 13.6 Long Blades
 + Level 13.4 Armour
 + Level 12.4 Dodging
 - Level 2.0 Stealth
 + Level 2.2 Evocations


You had 11 spell levels left.
You didn't know any spells.
Your spell library was empty.

Dungeon Overview and Level Annotations

Branches:
Dungeon (12/15)            Temple (1/1) D:4            Lair (0/6) D:8
    Orc (0/2) D:12

Altars:
Ashenzari
Cheibriados
Dithmenos
Elyvilon
Fedhas
Gozag
Hepliaklqana
Kikubaaqudgha
Makhleb
Nemelex Xobeh
Okawaru
Qazlal
Ru
Sif Muna
Trog
Uskayaw
Vehumet
Wu Jian
Xom
Yredelemnul
Zin
The Shining One

Shops:
D:5 *   D:6 [   D:8 =*[   D:11 :

Annotations:
D:8 1 runed translucent door, Grendash's ghost, novice TrFi Gauntlet 7 transporters, 2 runed translucent doors


Innate Abilities, Weirdness & Mutations

You reflexively headbutt those who attack you in melee.
You have a pair of horns on your head.


Message History

You headbutt the minotaur, but do no damage.
The minotaur gores you.
You slash the minotaur!
The minotaur is severely wounded.
The minotaur is engulfed in noxious fumes.
The minotaur hits you but does no damage.
The minotaur gores you!
You hit the minotaur but do no damage. You headbutt the minotaur!
The minotaur is severely wounded.
The minotaur is engulfed in noxious fumes.
The minotaur hits you with a +1 spear of piercing!!
* * * LOW HITPOINT WARNING * * *
x2 The minotaur closely misses you.
You feel much better.
The minotaur is engulfed in noxious fumes.
The minotaur appears confused.
The minotaur hits you with a +1 spear of piercing!!
* * * LOW HITPOINT WARNING * * *
x2 The minotaur gores you!
You die...

#...##≈... ###
#.♣.###.P.
#...##...##..♣. ##
#.#.##.♣.#..... #(
#.#......#.♣...
##'####.#.##.©.#.P...
#.⌠..##...##...#.....
#.§§§##.#.##.©.#.....
+⌠§H@§'.#......#..∩..
#.§§☼##.#.##.©.#.....
###+###...##...#.....
#.#.##.©.#.P...
#.#......#.♣P..
#.#.##.♣.#..PP.
#...##...##..♣.
######.♣.###...
#...##≈...


You could see a minotaur (confused).

Vanquished Creatures
  Snorg (D:11)
  Fannar (D:11)
  Harold (D:8)
  3 two-headed ogres
  4 unseen horrors
  An ugly thing (D:7)
  2 cyclopes
  A gargoyle (D:12)
  A smoke demon (Gauntlet)
  A centaur skeleton (D:10)
  2 komodo dragons (D:8)
  2 trolls
  A hippogriff (D:11)
  Sigmund (D:3)
  4 shadows (Gauntlet)
  4 small abominations (Gauntlet)
  A wraith (D:10)
  2 hogs (D:10)
  3 large abominations (Gauntlet)
  2 wyverns
  8 yaks
  A human (D:10)
  3 hungry ghosts
  Menkaure (D:7)
  An acid dragon (D:8)
  A water moccasin (D:11)
  5 ice beasts
  3 necrophages
  6 orc warriors
  A sky beast (D:12)
  2 phantoms
  4 ogres
  10 centaurs
  A crocodile (D:8)
  8 bullfrogs
  2 gnoll sergeants
  A wyvern skeleton (D:7)
  3 howler monkeys
  5 crimson imps
  A centaur zombie (D:10)
  A quasit (D:9)
  3 jellies
  4 orc priests
  6 hounds
  15 orc wizards
  A bullfrog skeleton (D:4)
  5 iguanas
  8 worker ants
  2 hound zombies
  2 hound skeletons
  10 gnolls
  16 adders
  7 shadow imps
  4 adder zombies
  4 worms
  2 adder skeletons
  5 dart slugs
  6 leopard geckos
  56 orcs
  9 bats
  5 giant cockroaches
  6 goblins
  17 hobgoblins
  5 jackals
  5 quokkas
  5 frilled lizards
  A giant cockroach zombie (D:6)
  3 jackal skeletons
  A jackal zombie (D:8)
  13 kobolds
  3 rats (D:1)
335 creatures vanquished.

Vanquished Creatures (others)
  An orc wizard (D:3)
1 creature vanquished.

Grand Total: 336 creatures vanquished

Notes
Turn   | Place    | Note
-------+----------+-------------------------------------------
     0 | D:1      | Borgoz the Minotaur Berserker began the quest for the Orb.
     0 | D:1      | Reached XP level 1. HP: 19/19 MP: 0/0
   244 | D:1      | Reached XP level 2. HP: 21/26 MP: 1/1
   727 | D:1      | Reached XP level 3. HP: 30/31 MP: 2/2
   797 | D:1      | Reached ** piety under Trog
  1165 | D:2      | Found a white marble altar of Elyvilon.
  1166 | D:2      | Found a blossoming altar of Fedhas.
  1185 | D:2      | Found an ancient bone altar of Kikubaaqudgha.
  1185 | D:2      | Found a deep blue altar of Sif Muna.
  1540 | D:2      | Reached XP level 4. HP: 39/39 MP: 3/3
  2322 | D:3      | Reached skill level 5 in Long Blades
  2322 | D:3      | Reached XP level 5. HP: 36/45 MP: 4/4
  2425 | D:3      | Found a bloodstained altar of Trog.
  2684 | D:3      | Noticed Sigmund
  2692 | D:3      | Killed Sigmund
  2692 | D:3      | Reached skill level 5 in Armour
  2692 | D:3      | Reached XP level 6. HP: 51/51 MP: 5/5
  2708 | D:3      | Found an ornate altar of the Wu Jian Council.
  2773 | D:3      | Reached *** piety under Trog
  3160 | D:4      | Reached skill level 5 in Dodging
  3160 | D:4      | Reached XP level 7. HP: 54/57 MP: 6/6
  3459 | D:4      | Found a staircase to the Ecumenical Temple.
  3527 | Temple   | Entered the Ecumenical Temple
  4260 | D:5      | Entered Level 5 of the Dungeon
  4409 | D:5      | Killed an unseen horror
  4409 | D:5      | Reached XP level 8. HP: 26/64 MP: 7/7
  4637 | D:5      | Found a blossoming altar of Fedhas.
  4689 | D:5      | Reached **** piety under Trog
  4977 | D:5      | Found Weddosam's General Store.
  5284 | D:6      | Found Mueqarec's Antique Armour Shop.
  5503 | D:6      | Reached XP level 9. HP: 70/70 MP: 8/8
  5880 | D:7      | Noticed a cyan ugly thing
  5888 | D:7      | Killed a cyan ugly thing
  5910 | D:7      | Noticed Menkaure
  5916 | D:7      | Killed Menkaure
  6155 | D:7      | Found a sparkling altar of Nemelex Xobeh.
  6259 | D:7      | Found a bloodstained altar of Trog.
  6672 | D:8      | Noticed Harold
  6682 | D:8      | Noticed a two-headed ogre
  6685 | D:8      | Reached skill level 10 in Long Blades
  6687 | D:8      | Killed Harold
  6687 | D:8      | Reached skill level 10 in Armour
  6693 | D:8      | Killed a two-headed ogre
  6693 | D:8      | Reached XP level 10. HP: 77/77 MP: 9/9
  6763 | D:8      | Killed an unseen horror
  6938 | D:8      | Found Qurr's Jewellery Emporium.
  6946 | D:8      | Bought an uncursed ring of see invisible for 195 gold
                  | pieces
  7017 | D:8      | Reached skill level 10 in Dodging
  7070 | D:8      | Found a runed translucent door.
  7076 | D:8      | Found Poqyocs's Assorted Antiques.
  7077 | D:8      | Noticed Grendash's ghost (novice TrFi)
  7079 | D:8      | Noticed a two-headed ogre
  7086 | D:8      | Killed a two-headed ogre
  7178 | D:8      | Reached ***** piety under Trog
  7241 | D:8      | Found a staircase to the Lair.
  7428 | D:8      | Found Dirunn's Antique Armour Boutique.
  8044 | D:9      | Reached XP level 11. HP: 78/82 MP: 10/10
  8222 | D:10     | Entered Level 10 of the Dungeon
  8398 | D:11     | Found Zoweer's Book Emporium.
  8791 | D:10     | Received a gift from Trog
  9107 | D:10     | Noticed a two-headed ogre
  9119 | D:10     | Killed a two-headed ogre
  9673 | D:11     | Noticed an unseen horror
  9677 | D:11     | Noticed Snorg
  9706 | D:11     | Killed an unseen horror
  9711 | D:11     | Killed Snorg
  9842 | D:11     | Found a glowing golden altar of the Shining One.
  9898 | D:11     | Noticed Fannar
  9932 | D:11     | Killed Fannar
  9932 | D:11     | Reached skill level 1 in Stealth
 10000 | D:11     | Reached skill level 1 in Evocations
 10109 | D:12     | Reached XP level 12. HP: 69/92 MP: 6/11
 10137 | D:12     | Found a blossoming altar of Fedhas.
 10151 | D:12     | Found a gate leading to a gauntlet.
 10282 | D:12     | Reached skill level 5 in Fighting
 10364 | Gauntlet | Entered a Gauntlet
 10364 | Gauntlet | Found a transporter.
 10374 | Gauntlet | Found a transporter.
 10384 | Gauntlet | Found a transporter.
 10386 | Gauntlet | Noticed a death scarab
 10387 | Gauntlet | Noticed a death scarab
 10395 | Gauntlet | Found a transporter.
 10408 | Gauntlet | Found a transporter.
 10418 | Gauntlet | Found a transporter.
 10426 | Gauntlet | Noticed a dire elephant
 10428 | Gauntlet | Found a runed translucent door.
 10428 | Gauntlet | Found a transporter.
 10430 | Gauntlet | Found a runed translucent door.
 10442 | Gauntlet | Found a transporter.
 10457 | Gauntlet | Found a transporter.
 10458 | Gauntlet | Found a transporter.
 10464 | Gauntlet | Found a transporter.
 10521 | Gauntlet | Found a transporter.
 10521 | Gauntlet | Found a transporter.
 10611 | Gauntlet | Got a dazzling hat
 10639 | Gauntlet | Identified the +2 hat of the Sailor {rPois Regen+ Str+4}
                  | (You found it in a Gauntlet)
 10655 | Gauntlet | Noticed a minotaur
 10672 | Gauntlet | HP: 2/96 [minotaur/+1 spear of piercing (6)]
 10672 | Gauntlet | Mangled by a minotaur

Skill      XL: |  1  2  3  4  5  6  7  8  9 10 11 12 |
---------------+-------------------------------------+-----
Long Blades    | 4 5 6 7 8 10 12 13 | 13.6
Armour         | 3 4 5 7 8 10 11 13 | 13.4
Dodging        | 3 4 5 6 7 9 10 12 | 12.4
Fighting       | 4 6 |  6.1
Stealth        | 1 2 |  2.0
Evocations     | 1 2 |  2.2

Action                   |  1- 3 |  4- 6 |  7- 9 | 10-12 || total
-------------------------+-------+-------+-------+-------++-------
Melee: Falchion          |    64 |   136 |   238 |    47 ||   485
       Headbutt          |    11 |    26 |    68 |   137 ||   242
       Scimitar          |       |       |       |   487 ||   487
Throw: Throwing net      |       |       |       |     1 ||     1
Invok: Berserk           |       |       |     3 |    10 ||    13
       Trog's Hand       |       |       |     3 |     5 ||     8
Evoke: Wand              |       |       |     1 |    12 ||    13
  Use: Scroll            |       |     1 |    11 |    10 ||    22
       Potion            |       |     1 |     3 |     3 ||     7
 Stab: Held in net/web   |       |       |       |     1 ||     1
       Sleeping          |       |       |       |     1 ||     1
       Confused          |       |       |       |     2 ||     2
  Eat: Chunk             |     2 |     5 |    13 |    32 ||    52
       Ration            |       |       |       |     1 ||     1
Armor: Chain mail        |    33 |    12 |       |       ||    45
       Animal skin       |     2 |       |       |       ||     2
       Plate armour      |       |    58 |   138 |   228 ||   424
       Troll leather arm |       |       |       |    25 ||    25
Dodge: Dodged            |    48 |    52 |   105 |   337 ||   542
       Rpst.: Falchion   |    14 |    17 |    25 |     3 ||    59
       Scimitar          |       |       |       |    66 ||    66
